Khor, neutral male human Monk ----------- ----------- |....|....--- |.........| |..00|00...>| |.........| |..0......|(| |.........| |....|....|-- |....<....| |-.--------- |.........| |.u0.|%....| |.........| |*@0.|000.0| |.........| |..0..0000.| |.........| |.000|00..0----------------+| |....|........^^^^^^^^^^^^^.| ----------------------------- Khor the Student of Stones Experience level: 10 Strength: 18/15 Dexterity: 13 Constitution: 11 Intelligence: 8 Wisdom: 14 Charisma: 9 Health: 57(77) Energy: 49(51) AC: 2 Gold: 100 Moves: 4323 Your Inventory: Coins $ - 100 gold pieces Amulets B - an uncursed spiked amulet [of magical breathing] (being worn) Armor j - an uncursed +2 pair of leather gloves (being worn) o - an uncursed +0 pair of iron shoes (being worn) E - an uncursed +1 robe (being worn) Comestibles v - 2 uncursed lizard corpses Wands A - a cursed wand called secret door detection [of secret door detection (0:11)] J - an [uncursed] wand of digging [0:1] Tools a - an uncursed [+0] unicorn horn b - an uncursed bag called bag of holding [of holding] k - an uncursed key [skeleton key] l - an uncursed [magic] lamp called magic (lit) p - an [uncursed +0] pick-axe (weapon in hand) T - an uncursed towel Contents of the bag of holding: 9 uncursed food rations an uncursed melon an [uncursed] scroll of earth an uncursed emerald ring [of warning] Spells known in the end: Name Level Category Fail Memory a - protection 1 clerical 0% [|||||||.] b - healing 1 healing 0% [|||||||.] Your skills at the end: Fighting Skills martial arts [Skilled / Grand Master] Weapon Skills Spellcasting Skills healing spells [Basic / Expert] Final Attributes: You were piously aligned. Hunger level was 381. Your alignment was 31 / 31. Monster difficulty range was 1 - 9. Level difficulty was 9. You were immune to sleep. You were immune to poison. You saw invisible. You were warned. You had automatic searching. You were stealthy. You could survive without air. You were fast. Your luck was zero. You survived. Vanquished creatures: a ghost a large mimic a long worm 3 small mimics a quantum mechanic a shocking sphere a tiger 2 leocrottas a mountain centaur an elf mummy a red naga a wraith a succubus a wolf a gremlin a giant spider an ice vortex a yeti 2 gold golems 2 Green-elves 2 lizards a black unicorn a snake 3 soldier ants a fog cloud 3 yellow lights 2 shriekers 7 gnome lords a gray ooze a barrow wight 4 elf zombies a giant ant 2 floating eyes 8 dwarves 2 hill orcs 6 rothes 2 giant bats 2 orc zombies 2 dwarf zombies a wererat an iguana 7 killer bees 2 gas spores 3 hobbits 11 manes a cave spider a brown mold 36 gnomes a garter snake 3 geckos 4 jackals a fox 5 sewer rats 4 grid bugs 2 lichens 6 kobold zombies 4 newts 169 creatures vanquished. Voluntary challenges: You were vegetarian. You used a wielded weapon 1 time. You read items or engraved 18 times. You put on armor 18 times. You never genocided any monsters. You never polymorphed an object. You never changed form. You used no wishes. You wrote Elbereth's name 6 times. You encountered 1 bones level. You used 4 Sokoban shortcuts. Dungeon overview: The Dungeons of Doom: levels 1 to 11 Level 1 a fountain a long staircase Level 2 stairs to The Gnomish Mines Level 3 (, can of grease and oilskin in general shop) a general store, a fountain Level 4 a general store, a fountain Level 5 (, leash next to fountain) a fountain Level 6 (, oilskin cloak in armor shop) an armor shop Level 7 ([] uncleared zoo $$$) an altar Level 8 a sink Level 9 some fountains Level 10 some fountains, some trees stairs to Sokoban The Gnomish Mines: levels 3 to 6 Level 3 stairs to The Dungeons of Doom Level 5 (, magic marker in tool shop) many shops, a temple to Chih Sung-tzu, a magic chest, some fountains, some trees Sokoban: Level 9 <- You were here a magic chest stairs to The Dungeons of Doom History has recorded: On T:1 you entered the Dungeons of Doom to retrieve the Amulet of Yendor! On T:229 you reached level 2 of The Dungeons of Doom. On T:243 you reached level 3 of The Dungeons of Doom. On T:428 you advanced to experience level 2. On T:478 you reached level 1 of The Gnomish Mines. On T:483 you advanced to experience level 3. On T:501 you advanced to experience level 4. On T:510 you advanced to experience level 5. On T:707 you reached level 2 of The Gnomish Mines. On T:730 you advanced to experience level 6. On T:890 you reached level 3 of The Gnomish Mines. On T:978 you advanced to experience level 7. On T:1584 you reached level 4 of The Dungeons of Doom. On T:1917 you reached level 5 of The Dungeons of Doom. On T:1966 you advanced to experience level 8. On T:2041 you reached level 6 of The Dungeons of Doom. On T:2117 you reached level 7 of The Dungeons of Doom. On T:2587 you reached level 8 of The Dungeons of Doom. On T:2672 you advanced to experience level 9. On T:2793 you reached level 9 of The Dungeons of Doom. On T:2820 you reached level 10 of The Dungeons of Doom. On T:2887 you advanced to experience level 10. On T:3148 you reached level 11 of The Dungeons of Doom. On T:3206 you reached level 3 of Sokoban. On T:3868 you reached level 4 of The Gnomish Mines. Latest messages: The gold golem hits! (2x) You hit the gold golem! The gold golem hits! The gold golem just misses! You hit the gold golem! (2x) You destroy the gold golem! $ - 100 gold pieces. You now wield a pick-axe. You start hitting the boulder. You hit the boulder with all your might. The boulder falls apart. The horse kicks! The horse bites! [8 turns] You begin bashing monsters with your pick-axe. You hit the horse. The horse kicks! The horse misses. (2x) The horse bites! Final status: Punardarsanaya Khor the Monk... You quit in Sokoban on dungeon level 9 with 12910 points, and 100 pieces of gold, after 4323 moves. You were level 10 with a maximum of 77 hit points when you quit.